 Dungeon Crawl Stone Soup version 0.28-a0-474-g535839065c (webtiles) character file.

Game seed: 14575279123130352580

58 meatgazer the Magician (level 4, -10/48 HPs)
             Began as a Gnoll Wanderer on Sept 15, 2021.
             Was a Follower of Yredelemnul.
             Mangled by an ogre (11 damage)
             ... on level 3 of the Dungeon.
             The game lasted 00:05:05 (2606 turns).

meatgazer the Magician (Gnoll Wanderer)             Turns: 2606, Time: 00:05:06

Health: -10/48     AC: 22    Str: 10    XL:     4   Next: 1%
Magic:  13/13      EV:  2    Int: 16    God:    Yredelemnul [*.....]
Gold:   51         SH:  0    Dex:  9    Spells: 17/17 levels left

rFire   . . .      SeeInvis .   a - +0 mace
rCold   . . .      Faith    .   (no shield)
rNeg    + + +      Spirit   .   (armour currently unavailable)
rPois   +          Reflect  .   (helmet currently unavailable)
rElec   .          Harm     .   (cloak currently unavailable)
rCorr   .          Rampage  .   (gloves currently unavailable)
Will    .....      NoTele   +   (boots currently unavailable)
Stlth   +.........              (no amulet)
HPRegen 0.16/turn               (no ring)
MPRegen 0.13/turn               (no ring)

@: tree-form, attractive, hasted, very quick
A: stationary, stasis, torment immunity, boosted hp, (fangs 1), strong nose,
distributed training
a: Renounce Religion, Animate Remains


You were on level 3 of the Dungeon.
You worshipped Yredelemnul.
Yredelemnul was aware of your devotion.
You were a tree.
You visited 1 branch of the dungeon, and saw 3 of its levels.

You collected 51 gold pieces.

Inventory:

Hand Weapons
 a - a +0 mace (weapon)
 j - a +1 shortbow of flaming
Armour
 b - a +2 scale mail (melded)
 f - a +0 cloak (melded)
Scrolls
 c - 2 scrolls of teleportation
 e - 2 scrolls of identify
Potions
 h - 3 potions of lignification


   Skills:
 + Level 1.0 Fighting
 + Level 1.0 Short Blades
 + Level 1.0 Long Blades
 + Level 1.0 Axes
 + Level 2.7 Maces & Flails
 + Level 1.0 Polearms
 + Level 1.0 Staves
 + Level 1.0 Slings
 + Level 1.0 Bows
 + Level 1.0 Crossbows
 + Level 2.7 Throwing
 + Level 4.6 Armour
 + Level 1.0 Dodging
 + Level 1.0 Stealth
 + Level 2.7 Shields
 + Level 1.0 Unarmed Combat
 + Level 7.2 Spellcasting
 + Level 0.7 Conjurations
 + Level 0.7 Hexes
 + Level 0.7 Summonings
 + Level 3.8 Necromancy
 + Level 0.7 Translocations
 + Level 0.7 Transmutations
 + Level 0.7 Fire Magic
 + Level 0.7 Ice Magic
 + Level 0.7 Air Magic
 + Level 0.7 Earth Magic
 + Level 0.7 Poison Magic
 + Level 1.1 Invocations
 + Level 1.0 Evocations


You had 17 spell levels left.
You didn't know any spells.
Your spell library contained the following spells:

 Spells                   Type           Power      Damage    Failure   Level
 Corpse Rot               Necr/Air       N/A        N/A       7%          2
 Passwall                 Tmut/Erth      6%         N/A       14%         2
 Poisonous Vapours        Pois/Air       16%        N/A       14%         2
 Swiftness                Air            8%         N/A       26%         3
 Invisibility             Hex            4%         N/A       100%        6


Dungeon Overview and Level Annotations

Branches:
Dungeon (3/15)

Altars:
Yredelemnul


Innate Abilities, Weirdness & Mutations

You are a tree.
Your roots penetrate the ground, keeping you stationary.
You cannot be teleported.
You are immune to unholy pain and torment.
Your maximum health is greatly increased.
Your equipment is partially melded.
((You have very sharp teeth.))
Your uncanny sense of smell can sniff out nearby items.
Your experience applies equally to all skills.


Message History

It was a potion of curing.
You feel better.
It was a potion of attraction.
You feel attractive to monsters.
Your surroundings suddenly seem different.
Splash!
It was a potion of haste.
You feel yourself speed up.
(D) Dungeon
Where to? (Enter - D:2, ? - help)
There is a stone staircase leading down here.
You climb downwards.
There is a stone staircase leading up here.
An ogre comes into view. It is wielding a +0 giant club.
Found a ring mail.
The ogre shouts!
The ogre is attracted toward you.
You don't know any spells.
The ogre closely misses you.
You hit the ogre.
The ogre is lightly wounded.
The ogre hits you but does no damage.
You barely miss the ogre.
The ogre is lightly wounded.
You hit the ogre.
The ogre is moderately wounded.
The ogre hits you with a +0 giant club!!
Ouch! That really hurt!
* * * LOW HITPOINT WARNING * * *
You are too injured to fight recklessly!
Really quaff the potion of lignification?
You turn into a tree.
Your +0 cloak melds into your body.
Your +2 scale mail melds into your body.
Your roots penetrate the ground.
The ogre hits you with a +0 giant club.
* * * LOW HITPOINT WARNING * * *
You hit the ogre but do no damage.
The ogre is moderately wounded.
You barely miss the ogre.
The ogre is moderately wounded.
The ogre hits you with a +0 giant club!
You die...
Your body rises from the dead as a mindless zombie.

### #<#
#.# #.#
#.# #.#
#.#
########.#
..[...O♣.#
##########


You could see an ogre.

Vanquished Creatures
  An adder (D:2)
  A dart slug (D:1)
  4 ball pythons
  A bat (D:1)
  6 endoplasms
  3 giant cockroaches
  6 goblins
  6 jackals (D:1)
  2 quokkas
  A frilled lizard (D:2)
  3 kobolds
  2 rats (D:1)
36 creatures vanquished.

Vanquished Creatures (collateral kills)
  A worm (D:2)
1 creature vanquished.

Vanquished Creatures (others)
  An adder skeleton (D:2)
1 creature vanquished.

Grand Total: 38 creatures vanquished

Notes
Turn   | Place    | Note
-------+----------+-------------------------------------------
     0 | D:1      | meatgazer the Gnoll Wanderer began the quest for the Orb.
     0 | D:1      | meatgazer set off with the following items: a +0 mace, a +2
                  | scale mail; and the following spells available to memorise:
                  | Corpse Rot, Poisonous Vapours
     0 | D:1      | Reached XP level 1. HP: 13/13 MP: 8/8
    45 | D:1      | Found a faded altar of an unknown god.
    61 | D:1      | Became a worshipper of Yredelemnul the Dark
    61 | D:1      | Reached * piety under Yredelemnul
   679 | D:1      | Reached XP level 2. HP: 19/19 MP: 10/10
  1079 | D:1      | Reached XP level 3. HP: 24/25 MP: 11/11
  1809 | D:2      | Reached skill level 1 in Invocations
  1930 | D:2      | Reached skill level 1 in Fighting
  1930 | D:2      | Reached skill level 1 in Short Blades
  1930 | D:2      | Reached skill level 1 in Long Blades
  1930 | D:2      | Reached skill level 1 in Axes
  1930 | D:2      | Reached skill level 1 in Polearms
  1930 | D:2      | Reached skill level 1 in Staves
  1930 | D:2      | Reached skill level 1 in Slings
  1930 | D:2      | Reached skill level 1 in Bows
  1930 | D:2      | Reached skill level 1 in Crossbows
  1930 | D:2      | Reached skill level 1 in Dodging
  1930 | D:2      | Reached skill level 1 in Stealth
  1930 | D:2      | Reached skill level 1 in Unarmed Combat
  1930 | D:2      | Reached skill level 1 in Evocations
  2365 | D:2      | Reached XP level 4. HP: 25/32 MP: 13/13
  2599 | D:3      | Noticed an ogre
  2604 | D:3      | HP: 1/48 [ogre (5)]
  2606 | D:3      | Mangled by an ogre

Illustrated notes

Levels and vault maps discovered:
D:1:      wheals_arrival_shading, layout_rooms,
          ebering_ecumenical_altar_petrified
D:2:      layout_basic, amcnicky_mini_rare_corridor_liquid, serial_bayou_pond_b
D:3:      layout_basic, pdpol_temple_overflow_zin_treasury_gozag_greed,
          ebering_ghost_sewer_d, uniq_sigmund

Skill      XL: |  1  2  3 |
---------------+----------+-----
Invocations    | 1 |  1.1
Fighting       | 1 |  1.0
Short Blades   | 1 |  1.0
Long Blades    | 1 |  1.0
Axes           | 1 |  1.0
Polearms       | 1 |  1.0
Staves         | 1 |  1.0
Slings         | 1 |  1.0
Bows           | 1 |  1.0
Crossbows      | 1 |  1.0
Dodging        | 1 |  1.0
Stealth        | 1 |  1.0
Unarmed Combat | 1 |  1.0
Evocations     | 1 |  1.0
Maces & Flails | |  2.7
Throwing       | |  2.7
Armour         | |  4.6
Shields        | |  2.7
Spellcasting   | |  7.2
Conjurations   | |  0.7
Hexes          | |  0.7
Summonings     | |  0.7
Necromancy     | |  3.8
Translocations | |  0.7
Transmutations | |  0.7
Fire Magic     | |  0.7
Ice Magic      | |  0.7
Air Magic      | |  0.7
Earth Magic    | |  0.7
Poison Magic   | |  0.7

Action                   |  1- 3 |  4- 6 || total
-------------------------+-------+-------++-------
Melee: Mace              |   131 |    11 ||   142
       Bite              |     5 |     2 ||     7
Invok: Animate Remains   |     3 |       ||     3
  Use: Potion            |       |     4 ||     4
       Scroll            |       |     3 ||     3
Armor: Scale mail        |   126 |     3 ||   129
Dodge: Dodged            |    79 |     5 ||    84

Table legend: (Time is in decaauts)
 A = Elapsed time spent in this place.
 B = Non-inter-level travel time spent in this place.
 C = Inter-level travel time spent in this place.
 D = Time resting spent in this place.
 E = Time spent auto-exploring this place.
 F = Levels seen in this place.
 G = Mean time per level.
                   A        B        C        D        E       F      G
               +--------+--------+--------+--------+--------+-----+--------+
         Total |   2639 |   2612 |     27 |   1194 |   1068 |   3 |  879.7 |
       Dungeon |   2639 |   2612 |     27 |   1194 |   1068 |   3 |  879.7 |
               +--------+--------+--------+--------+--------+-----+--------+

Top non-repeatable levels by time:
     D:1: 1757 daAuts
     D:2: 872 daAuts
     D:3: 9 daAuts
